 Dungeon Crawl Stone Soup version 0.22.1-1-ga44c0e5 (webtiles) character file.

135 dvd the Shield-Bearer (level 5, -3/42 HPs)
             Began as a Formicid Fighter on Nov 10, 2018.
             Slain by Crazy Yiuf
             ... wielding a +4 quarterstaff of chaos
              (14 damage)
             ... on level 2 of the Dungeon.
             The game lasted 00:04:02 (1625 turns).

dvd the Shield-Bearer (Formicid Fighter)            Turns: 1625, Time: 00:04:04

Health: -3/42      AC:  6    Str: 21    XL:     5   Next: 41%
Magic:  5/5        EV:  8    Int:  7    God:
Gold:   45         SH:  9    Dex: 11    Spells: 4/4 levels left

rFire    . . .     SeeInvis +   a - +0 war axe
rCold    . . .     Gourm    .   c - +0 shield
rNeg     . . .     Faith    .   b - +0 scale mail
rPois    .         Spirit   .   (helmet unavailable)
rElec    .         Reflect  .   (no cloak)
rCorr    .         Harm     .   (no gloves)
MR       .....                  (no boots)
Stlth    ..........             (no amulet)
HPRegen  0.14/turn              (no ring)
MPRegen  0.09/turn              (no ring)

@: drained
A: permanent stasis, dig shafts and tunnels, four strong arms, antennae 3
a: Dig, Shaft Self


You were on level 2 of the Dungeon.
You were not hungry.

You visited 1 branch of the dungeon, and saw 2 of its levels.

You collected 45 gold pieces.

Inventory:

Hand Weapons
 a - a +0 war axe (weapon)
Armour
 b - a +0 scale mail (worn)
 c - a +0 shield (worn)
Scrolls
 g - 2 scrolls of identify {unknown}
 h - 2 scrolls of fog {unknown}
 m - a scroll of immolation {unknown}
Potions
 d - a potion of might
 e - a potion of flight {unknown}
 i - a potion of brilliance {unknown}
 j - 2 potions of curing {unknown}
 k - a potion of cancellation {unknown}
 n - 2 potions of heal wounds {unknown}
 o - a potion of degeneration {unknown}
 p - a potion of lignification {unknown}
 q - a potion of magic {unknown}
Comestibles
 f - 4 rations
 l - 4 chunks of flesh


   Skills:
 + Level 3.7(3.4) Fighting
 + Level 3.5(3.2) Axes
 + Level 3.9(3.6) Armour
 + Level 1.7(1.4) Dodging
 + Level 4.2(4.0) Shields


You had 4 spell levels left.
You didn't know any spells.
Your spell library was empty.

Dungeon Overview and Level Annotations

Branches:
Dungeon (2/15)

Altars:
The Shining One

Annotations:
D:2 Crazy Yiuf


Innate Abilities, Weirdness & Mutations

You cannot be hasted, slowed, berserked, paralysed or teleported.
You can dig through walls and to a lower floor.
Your four strong arms can wield two-handed weapons with a shield.
You have a pair of large antennae on your head. (SInv)


Message History

Crazy Yiuf is heavily wounded.
You block Crazy Yiuf's attack.
You hit Crazy Yiuf but do no damage.
Crazy Yiuf is heavily wounded.
You block Crazy Yiuf's attack.
Crazy Yiuf hits you with a quarterstaff of chaos.
* * * LOW HITPOINT WARNING * * *
Crazy Yiuf whimpers, "Sif Muna!"
Crazy Yiuf says, "Race!"
You hit Crazy Yiuf but do no damage.
Crazy Yiuf is heavily wounded.
Crazy Yiuf whimpers, "Announcement agre bush!"
Crazy Yiuf completely misses you.
You hit Crazy Yiuf.
Crazy Yiuf is severely wounded.
Crazy Yiuf hits you with a quarterstaff of chaos.
* * * LOW HITPOINT WARNING * * *
You feel drained.
Crazy Yiuf hits you with a quarterstaff of chaos!
You die...

#.#### #.# #........#
##..<... #...># #.#
#.....##.# ###.##)
####.## #.# #.....##.#
#...##.
####..####.##########.#
#.#####
............###### ###
### # ########.........#
# ... ###.#.######♣♣♣♣♣
# ...# #.#.......♣.♣.♣♣♣
#### # ...#
##......@g....♣..♣#...#
# ...#
##...#........♣♣♣♣.'...#
...# ##...##.......♣♣
♣♣#..)# ...#
##..#.##..<.##♣♣ ####
... #.....##....# ..
########....# ######


You could see Crazy Yiuf.

Vanquished Creatures
  Jessica (D:2)
  Robin (D:2)
  2 adders (D:2)
  A dart slug (D:2)
  3 leopard geckos
  6 bats
  3 giant cockroaches
  19 goblins
  7 hobgoblins
  5 jackals
  9 kobolds
  3 frilled lizards
  7 rats
67 creatures vanquished.

Notes
Turn   | Place    | Note
-------+----------+-------------------------------------------
     0 | D:1      | dvd the Formicid Fighter began the quest for the Orb.
     0 | D:1      | Reached XP level 1. HP: 18/18 MP: 1/1
    39 | D:1      | Reached XP level 2. HP: 18/24 MP: 2/2
   157 | D:1      | Reached skill level 4 in Shields
   194 | D:1      | Reached XP level 3. HP: 28/29 MP: 3/3
   927 | D:2      | Reached XP level 4. HP: 28/35 MP: 4/4
   932 | D:2      | Noticed Robin
   953 | D:2      | Killed Robin
  1185 | D:2      | Found a glowing golden altar of the Shining One.
  1195 | D:2      | Noticed Jessica
  1202 | D:2      | Killed Jessica
  1202 | D:2      | Reached skill level 1 in Dodging
  1202 | D:2      | Reached XP level 5. HP: 42/42 MP: 5/5
  1601 | D:2      | Found a runed door.
  1605 | D:2      | Noticed Crazy Yiuf
  1625 | D:2      | Slain by Crazy Yiuf

Skill      XL: |  1  2  3  4 |
---------------+-------------+-----
Shields        | 4 |  4.2
Axes           | 3 |  3.5
Dodging        | 1 |  1.7
Fighting       | |  3.7
Armour         | |  3.9

Action                   |  1- 3 |  4- 6 || total
-------------------------+-------+-------++-------
Melee: War axe           |   145 |    76 ||   221
  Eat: Chunk             |       |     3 ||     3
Armor: Scale mail        |    67 |    31 ||    98
Dodge: Dodged            |    57 |    35 ||    92
Block: Shield            |    86 |    49 ||   135
